 Seeded DCSS version 0.29.1-2-gbd0b4ee654 (webtiles) character file.

Game seed: 1 (custom seed)

639 Kazon the Trooper (level 7, -1/54 HPs)
             Began as a Mummy Fighter on Oct 28, 2022.
             Slain by an ufetubus (4 damage)
             ... summoned by Eustachio
             ... on level 5 of the Dungeon.
             The game lasted 00:13:00 (2805 turns).

Kazon the Trooper (Mummy Fighter)                   Turns: 2805, Time: 00:13:01

Health: -1/54      AC: 11    Str: 22      XL:     7   Next: 26%
Magic:  7/7        EV:  9    Int:  9      God:
Gold:   140        SH:  4    Dex: 11 (12) Spells: 6/6 levels left

rFire   x . .      SeeInvis +   s - +3 falchion of Winter {venom, rCorr}
rCold   + . .      Faith    .   c - +0 buckler
rNeg    + + +      Spirit   .   b - +0 scale mail
rPois   ∞          Reflect  .   h - +0 helmet
rElec   +          Harm     .   (no cloak)
rCorr   +          Rampage  .   (no gloves)
Will    +....                   f - +2 pair of boots
Stlth   ..........              k - amulet of the acrobat
HPRegen 0.18/turn               d - ring of Ennyoph {rElec Will+ Str+3 SInv}
MPRegen 0.10/turn               (no ring)

@: about to teleport
A: cold resistance 1, negative energy resistance 3, torment resistance 2, heat
vulnerability 1, in touch with death 1, no potions
a: no special abilities


You were on level 5 of the Dungeon.
You visited 1 branch of the dungeon, and saw 5 of its levels.

You collected 324 gold pieces.
You spent 184 gold pieces at shops.

Inventory:

Hand Weapons
 a - a +1 long sword of protection
 e - a +2 dagger of venom
 s - the +3 falchion of Winter (weapon) {venom, rCorr}
   (You bought it in a shop on level 3 of the Dungeon)

   It poisons the flesh of those it strikes.
   rCorr:     It protects you from acid and corrosion.
Missiles
 g - 38 stones (quivered)
 l - a throwing net
 m - 5 boomerangs
Armour
 b - a +0 scale mail (worn)
 c - a +0 buckler (worn)
 f - a +2 pair of boots (worn)
 h - a +0 helmet (worn)
Jewellery
 d - the ring of Ennyoph (left hand) {rElec Will+ Str+3 SInv}
   (You acquired it on level 1 of the Dungeon)

   [ring of willpower]

   Str:       It affects your strength (+3).
   rElec:     It insulates you from electricity.
   SInv:      It lets you see invisible.
   Will:      It increases your willpower.
 k - an amulet of the acrobat (around neck)
Wands
 t - a wand of mindburst (20)
Scrolls
 i - 7 scrolls of identify
 j - a scroll of immolation {unknown}
 n - a scroll of fog {unknown}
 r - a scroll of poison


   Skills:
 + Level 4.3 Fighting
 + Level 0.5(2.7) Short Blades
 + Level 4.3 Long Blades
 + Level 1.5 Throwing
 + Level 3.4 Armour
 + Level 1.2 Dodging
 + Level 0.6 Stealth
 + Level 3.0 Shields
 * Level 1.0 Evocations


You had 6 spell levels left.
You didn't know any spells.
Your spell library contained the following spells:

 Spells                   Type           Power      Damage    Failure   Level
 Apportation              Tloc           0%         N/A       80%         1
 Necrotise                Necr           0%         1d4       80%         1
 Sting                    Tmut/Pois      0%         1d3       80%         1
 Summon Small Mammal      Summ           0%         N/A       80%         1
 Poisonous Vapours        Pois/Air       0%         N/A       91%         2
 Olgreb's Toxic Radiance  Pois           0%         N/A       100%        4
 Fireball                 Conj/Fire      0%         3d3       100%        5
 Iskenderun's Battlesphe  Conj           0%         2d6       100%        5
 Conjure Ball Lightning   Conj/Air       0%         3x3d6     100%        6
 Orb of Destruction       Conj           0%         9d5       100%        7


Dungeon Overview and Level Annotations

Branches:
Dungeon (5/15)
 Temple: D:4-7

Altars:
Hepliaklqana

Shops:
D:3 (

Annotations:
D:5 Eustachio


Innate Abilities, Weirdness & Mutations

You are immune to poison.
Your flesh is cold resistant. (rC+)
You are immune to negative energy. (rN+++)
You are immune to unholy pain and torment.
You are vulnerable to heat. (rF-)
You are in touch with the powers of death.
You do not drink.


Message History

You hit the river rat.
The river rat is poisoned.
The river rat is lightly wounded.
The river rat closely misses you.
You closely miss the river rat.
The river rat is heavily wounded.
The shadow imp disappears in a puff of smoke! x2
The river rat barely misses you.
You barely miss the river rat.
The river rat is heavily wounded.
The rat twitches its whiskers.
The river rat bites you.
* * * LOW HITPOINT WARNING * * *
You barely miss the river rat.
The river rat is heavily wounded.
The river rat bites you but does no damage.
You hit the river rat.
The river rat is almost dead.
The river rat bites you but does no damage.
Eustachio screams, "Hey, you killed my favourite bat!"
Eustachio casts a spell.
Eustachio blinks!
You hit the river rat but do no damage.
The river rat is almost dead.
The river rat bites you.
* * * LOW HITPOINT WARNING * * *
You hit the river rat.
You kill the river rat!
The river rat's corpse disappears in a puff of smoke!
The ufetubus hits you but does no damage.
The ufetubus hits you.
* * * LOW HITPOINT WARNING * * *
As you read the scroll labelled WUINOD ADGHU, it crumbles to dust.
You feel aware of your surroundings.
It was a scroll of magic mapping.
The ufetubus hits you but does no damage.
You block the ufetubus's attack. x2; The ufetubus closely misses you.
As you read the scroll labelled UBITRU ZEHE, it crumbles to dust.
You feel strangely unstable.
It was a scroll of teleportation.
The ufetubus hits you but does no damage. x2
You closely miss the ufetubus. The ufetubus hits you.
You die...

### **** **
###@#
*,,**********,
##r5##
***,,,,,,,,,,*
##.Y##
*****,,,,,**
##..## ****,,*
##..## *,,*
***#######..##
*,,*
,,,.......@##
**,,**
***##......#
**,,,,,
#####..##
*,,,,,,


You could see Eustachio, a sky beast (invisible), an ufetubus (summoned) and a
rat (summoned).

Vanquished Creatures
  A centaur (D:5)
  4 scorpions
  A hound (D:4)
  An orc priest (D:3)
  2 iguanas
  Robin (D:3)
  6 gnolls
  6 adders
  An ufetubus (D:5)
  3 worms
  5 orcs
  11 endoplasms
  A giant cockroach (D:1)
  16 goblins
  9 hobgoblins
  A jackal (D:4)
  3 kobolds
  A quokka (D:1)
  5 ball pythons
  4 bats
  3 frilled lizards
  6 rats
91 creatures vanquished.

Notes
Turn   | Place    | Note
-------+----------+-------------------------------------------
     0 | D:1      | Kazon the Mummy Fighter began the quest for the Orb.
     0 | D:1      | Reached XP level 1. HP: 18/18 MP: 1/1
    32 | D:1      | Identified a scroll of acquirement
    32 | D:1      | Acquired the ring of Ennyoph {rElec Will+ Str+3 SInv}
   157 | D:1      | Reached XP level 2. HP: 22/24 MP: 2/2
   701 | D:2      | Gained mutation: You are in touch with the powers of death.
                  | [Mummy growth]
   701 | D:2      | Reached XP level 3. HP: 25/29 MP: 3/3
  1128 | D:2      | Reached XP level 4. HP: 30/35 MP: 4/4
  1344 | D:3      | Found Umat's Antique Weapon Boutique.
  1371 | D:3      | Bought a crude falchion for 184 gold pieces
  1371 | D:3      | Identified the +3 falchion of Winter {venom, rCorr} (You
                  | bought it in a shop on level 3 of the Dungeon)
  1687 | D:3      | Reached XP level 5. HP: 42/42 MP: 5/5
  1695 | D:3      | Noticed Robin
  1697 | D:3      | Reached skill level 1 in Throwing
  1707 | D:3      | Killed Robin
  2016 | D:4      | Reached skill level 1 in Dodging
  2016 | D:4      | Reached XP level 6. HP: 48/48 MP: 6/6
  2218 | D:4      | Found a hazy altar of Hepliaklqana.
  2700 | D:5      | Entered Level 5 of the Dungeon
  2739 | D:5      | Noticed Eustachio
  2746 | D:5      | Reached XP level 7. HP: 31/54 MP: 7/7
  2784 | D:5      | Reached skill level 1 in Evocations
  2805 | D:5      | Slain by an ufetubus

Illustrated notes

Levels and vault maps discovered:
D:1:      dpeg_arrival_three_smaller_balls, layout_basic
D:2:      layout_loops_ring
D:3:      layout_basic, serial_shops, nicolae_shop_stone, st_stairs_9,
          minmay_misc_feat_doors, eino_curves_03, uniq_robin
D:4:      minmay_wonky_spiral, layout_basic,
          mainiacjoe_overflow_surrounded_room, minivault_5
D:5:      layout_cave_pods, uniq_menkaure, uniq_eustachio

Skill      XL: |  1  2  3  4  5  6  7 |
---------------+----------------------+-----
Long Blades    | 2 3 4 |  4.3
Throwing       | 1 |  1.5
Fighting       | 4 |  4.3
Armour         | 3 |  3.4
Dodging        | 1 |  1.2
Shields        | 3 |  3.0
Evocations     | 1 |  1.0
Short Blades   | |  0.5
Stealth        | |  0.6

Action                   |  1- 3 |  4- 6 |  7- 9 || total
-------------------------+-------+-------+-------++-------
Melee: Long sword        |   113 |       |       ||   113
       Dagger            |    15 |    11 |       ||    26
       Falchion          |       |   131 |    31 ||   162
Throw: Stone             |       |     3 |       ||     3
  Use: Scroll            |     1 |     1 |     3 ||     5
Armor: Scale mail        |    58 |    58 |    32 ||   148
Dodge: Dodged            |    79 |    72 |    48 ||   199
Block: Buckler           |    26 |    28 |    22 ||    76
